 Dungeon Crawl Stone Soup version 0.30.0-5-g1a98f26d00 (webtiles) character file.

Game seed: 2712851923350226403

83 RascalDebosk the Magician (level 4, 0/31 HPs)
             Began as a Djinni Earth Elementalist on May 13, 2023.
             Slain by an orc wizard
             ... wielding a +0 dagger
              (1 damage)
             ... on level 3 of the Dungeon.
             The game lasted 00:11:08 (1745 turns).

RascalDebosk the Magician (DjEE)                    Turns: 1745, Time: 00:11:09

Health: 0/31       AC:  2    Str:  7    XL:     4   Next: 71%
Gold:   99         EV: 12    Int: 19    God:
                   SH:  0    Dex: 13

rFire   + + .        (no weapon)
rCold   x . .        (no shield)
rNeg    . . .        a - +0 robe
rPois   ∞            (no helmet)
rElec   .            (no cloak)
rCorr   .            (no gloves)
SInv    .            (boots unavailable)
Will    .....        (no amulet)
Stlth   ++           i - ring of wizardry
HPRegen 0.25/turn    (no ring)
MPRegen 0.00/turn

%: wizardry (x1), infuse magic (-1 HP)
@: flying
A: sickness immunity, fire resistance 2, cold vulnerability 1, float, innate
caster, HP casting, extra vitality 1
a: no special abilities


You were on level 3 of the Dungeon.
You visited 1 branch of the dungeon, and saw 3 of its levels.

You collected 151 gold pieces.
You spent 52 gold pieces at shops.

Inventory:

Armour
 a - a +0 robe (worn)
Jewellery
 i - a ring of wizardry (left hand)
Scrolls
 b - a scroll of identify {unknown}
 c - a scroll of enchant weapon {unknown}
 d - 3 scrolls of butterflies {unknown}
 h - a scroll of noise
 t - 5 scrolls of teleportation
Potions
 e - a potion of haste {unknown}
 f - 2 potions of curing {unknown}
 g - a potion of flight {unknown}


   Skills:
 * Level 0.0 Fighting
 + Level 0.0 Armour
 - Level 2.1 Dodging
 - Level 1.5 Stealth
 * Level 4.0 Spellcasting
 + Level 0.0 Evocations


You knew the following spells:

 Your Spells              Type           Power      Damage    Failure   Level
a - Sandblast             Erth           38%        2d10      1%          1
b - Passwall              Tmut/Erth      15%        N/A       1%          2
c - Stone Arrow           Conj/Erth      38%        3d9       3%          3
d - Petrify               Tmut/Erth      19%        N/A       11%         4
e - Kiss of Death         Conj/Necr      76%        2d11      1%          1
Your spell library was empty.

Dungeon Overview and Level Annotations

Branches:
Dungeon (3/15)

Altars:
Nemelex Xobeh

Shops:
D:2 ?

Annotations:
D:3 Grinder


Innate Abilities, Weirdness & Mutations

You are immune to sickness and miasma.
You are immune to poison.
Your flesh is very heat resistant. (rF++)
You are vulnerable to cold. (rC-)
You float through the air rather than walking.
You learn spells naturally, not from books.
Your magical power is your life essence.
You have superior vitality. (+4 MHP)


Message History

Press: ? - help, Shift-Dir - straight line, f/p - orc wizard
Aim: an orc wizard, wielding a +0 dagger and wearing a +0 robe (77% to hit)
The blast of sand hits the orc wizard!
The orc wizard is severely wounded.
The orc wizard closely misses you.
The orc wizard mumbles some strange words.
The orc wizard flickers and vanishes!
Deactivating autopickup; reactivate with Ctrl-A.
The orc wizard hits you with a +0 dagger.
Casting: Sandblast (safe; 1% risk of failure)
Confirm with . or Enter, or press ? or * to list all spells.
Aiming: Sandblast (safe; 1% risk of failure)
Press: ? - help, Shift-Dir - straight line, f/p - orc wizard
Aim: an orc wizard, wielding a +0 dagger and wearing a +0 robe (severely wounded, 77% to hit)
The blast of sand hits the orc wizard.
The orc wizard is almost dead.
The orc wizard hits you with a +0 dagger.
Casting: Sandblast (safe; 1% risk of failure)
Confirm with . or Enter, or press ? or * to list all spells.
Aiming: Sandblast (safe; 1% risk of failure)
Press: ? - help, Shift-Dir - straight line, f/p - orc wizard
Aim: an orc wizard, wielding a +0 dagger and wearing a +0 robe (almost dead, 77% to hit)
The blast of sand hits the orc wizard.
You kill the orc wizard!
Training target 4.0 for Spellcasting reached!
Your Spellcasting skill increases to level 4!
You need to enable at least one skill for training.
Casting: Sandblast (safe; 1% risk of failure)
Confirm with . or Enter, or press ? or * to list all spells.
Aiming: Sandblast (safe; 1% risk of failure)
Press: ? - help, Shift-Dir - straight line, f - orc
Aim: an orc, wielding a +0 whip (82% to hit)
The blast of sand hits something.
You hear some strange, mumbled words.
You are confused.
You hear some strange, mumbled words.
Something tries to affect you, but you resist.
Something hits you.
Grinder comes into view.
Grinder says, "FISH!"
Something completely misses you. Something hits you but does no damage.
You feel less confused.
You hear some strange, mumbled words.
A magic dart appears from out of thin air!
The magic dart hits you.
* * * LOW HITPOINT WARNING * * *
Casting: Sandblast (safe; 1% risk of failure)
Confirm with . or Enter, or press ? or * to list all spells.
Aiming: Sandblast (safe; 1% risk of failure)
Press: ? - help, Shift-Dir - straight line, f/p - orc
Aim: an orc, wielding a +0 whip (82% to hit)
The blast of sand hits the orc!
You kill the orc!
* * * LOW HITPOINT WARNING * * *
Something barely misses you.
Grinder says, "Don't move a muscle."
Casting: Sandblast (safe; 1% risk of failure)
Confirm with . or Enter, or press ? or * to list all spells.
Aiming: Sandblast (safe; 1% risk of failure)
Press: ? - help, Shift-Dir - straight line, f - orc
Aim: an orc, wielding a +0 trident and wearing a +0 ring mail (84% to hit)
The blast of sand hits something.
* * * LOW HITPOINT WARNING * * *
Something hits you.
* * * LOW HITPOINT WARNING * * *
The orc hits you from afar with a +0 trident.
* * * LOW HITPOINT WARNING * * *
Something hits you.
* * * LOW HITPOINT WARNING * * *
The orc barely misses you.
Casting: Sandblast (safe; 1% risk of failure)
Confirm with . or Enter, or press ? or * to list all spells.
Aiming: Sandblast (safe; 1% risk of failure)
Press: ? - help, Shift-Dir - straight line, f/p - orc
Aim: an orc, wielding a +0 trident and wearing a +0 ring mail (84% to hit)
The blast of sand hits the orc.
The orc is lightly wounded.
* * * LOW HITPOINT WARNING * * *
Something hits you.
* * * LOW HITPOINT WARNING * * *
The orc completely misses you.
Grinder blinks!
Casting: Sandblast (safe; 1% risk of failure)
Confirm with . or Enter, or press ? or * to list all spells.
Aiming: Sandblast (safe; 1% risk of failure)
Press: ? - help, Shift-Dir - straight line, f/p - orc
Aim: an orc, wielding a +0 trident and wearing a +0 ring mail (lightly wounded, 84% to hit)
The blast of sand hits something.
* * * LOW HITPOINT WARNING * * *
Something hits you.
* * * LOW HITPOINT WARNING * * *
The orc misses you. Something hits you but does no damage. The orc misses you.
Casting: Sandblast (safe; 1% risk of failure)
Confirm with . or Enter, or press ? or * to list all spells.
You don't have enough health to cast this spell.
Unknown command.
Something hits you.
You die...

#####...#######
....#...###°###
.☼§.#...##.°§## .
°○§.#...#°°°..# ..
....#.#.##§☼○##
o..
....#...###.###
≈o.
#####...####### ..
#####'''########.#
#..5@{o.).)..#
##############


You could see Grinder and an orc.

Vanquished Creatures
  An orc wizard (D:3)
  3 adders (D:2)
  2 worms (D:2)
  2 orcs (D:3)
  A ball python (D:1)
  4 endoplasms
  A goblin (D:2)
  2 hobgoblins (D:2)
  2 quokkas
  A bat (D:1)
  A frilled lizard (D:1)
  3 kobolds
  2 rats (D:2)
25 creatures vanquished.

Notes
Turn   | Place    | Note
-------+----------+-------------------------------------------
     0 | D:1      | RascalDebosk the Djinni Earth Elementalist began the quest
                  | for the Orb.
     0 | D:1      | RascalDebosk set off with the following spells memorised:
                  | Sandblast, Passwall, Stone Arrow, Petrify.
     0 | D:1      | Reached XP level 1. HP: 15/15 MP: 0/0
   729 | D:1      | Reached XP level 2. HP: 20/21 MP: 0/0
   828 | D:2      | Reached skill level 3 in Spellcasting
   947 | D:2      | Reached XP level 3. HP: 20/25 MP: 0/0
   947 | D:2      | Learned a level 1 spell: Kiss of Death
   971 | D:2      | Found Moacw's Magic Scroll Boutique.
   975 | D:2      | Bought a scroll of noise for 13 gold pieces
   975 | D:2      | Bought a scroll of teleportation for 39 gold pieces
  1403 | D:2      | Reached XP level 4. HP: 29/31 MP: 0/0
  1634 | D:3      | Found a faded altar of an unknown god.
  1688 | D:3      | Found a sparkling altar of Nemelex Xobeh.
  1734 | D:3      | Reached skill level 4 in Spellcasting
  1736 | D:3      | Noticed Grinder
  1744 | D:3      | HP: 1/31 [something (2)]
  1745 | D:3      | Slain by an orc wizard

Illustrated notes

Levels and vault maps discovered:
D:1:      dpeg_arrival_three_bigger_balls, layout_basic
D:2:      layout_basic, serial_shops, shop_statue, serial_glass,
          glass_columns_b, glass_columns_a
D:3:      layout_basic, nicolae_overflow_ecumenical_swirl, nemelex_altar_shiori,
          dreamdust_ecumenical_altar_statues, chequers_serial_rivers_small_a,
          uniq_natasha, uniq_grinder

Skill      XL: |  1  2  3  4 |
---------------+-------------+-----
Spellcasting   | 3 4 |  4.0
Dodging        | |  2.1
Stealth        | |  1.5

Action                     |  1- 3 |  4- 6 || total
---------------------------+-------+-------++-------
  Melee: Unarmed           |       |     1 ||     1
   Cast: Sandblast         |    36 |    15 ||    51
         Stone Arrow       |       |     1 ||     1
 Armour: Robe              |     3 |     3 ||     6
  Dodge: Dodged            |    10 |    12 ||    22
